 Seeded DCSS version 0.29-a0-845-g6161e89988 (webtiles) character file.

Game seed: 20220712 (custom seed)

318481 flotson the Fetichist (level 20, -7/184 HPs)
             Began as a Demonspawn Delver on July 13, 2022.
             Was an Initiate of Gozag.
             Drowned by a quicksilver ooze (8 damage)
             ... on level 3 of the Pits of Slime on July 16, 2022.
             The game lasted 01:51:59 (45918 turns).

flotson the Fetichist (Demonspawn Delver)          Turns: 45918, Time: 01:51:59

Health: -7/184     AC: 18    Str: 21    XL:     20   Next: 58%
Magic:  28/34      EV: 19    Int: 11    God:    Gozag
Gold:   5130       SH:  0    Dex: 14    Spells: 7/39 levels left

rFire   . . .      SeeInvis +   a - +8 Vampire's Tooth {vamp}
rCold   . . .      Faith    .   I - +3 warlock's mirror {reflect}
rNeg    + . .      Spirit   .   d - +1 robe of Vines {NoPotionHeal Regen++++}
rPois   +          Reflect  +   (helmet unavailable)
rElec   .          Harm     .   h - scarf {shadows}
rCorr   +          Rampage  .   A - +3 pair of gauntlets of War {Slay+5}
Will    .....                   j - +0 pair of boots
Stlth   ++........              v - macabre finger necklace {rN+}
HPRegen 3.60/turn               W - ring "Imameur" {rPois Will- rCorr AC+4 SInv}
MPRegen 0.24/turn               L - +4 ring of slaying
                                w - +4 ring of protection

@: confused, ambrosia-drunk, engulfed (cannot breathe), gold aura, studying 3
skills
A: horns 3, large bone plates 3, foul stench 2, powered by death 2, robust 1,
dopey 1
}: 2/15 runes: decaying, serpentine
a: Renounce Religion, Potion Petition, Call Merchant, Bribe Branch


You were on level 3 of the Pits of Slime.
You worshipped Gozag.
Gozag was greatly pleased with you.
You visited 8 branches of the dungeon, and saw 38 of its levels.
You also visited: Bailey and Ice Cave.

You collected 18850 gold pieces.
You spent 8170 gold pieces at shops.
You paid 5550 gold pieces to Gozag.

Inventory:

Hand Weapons
 a - the +8 Vampire's Tooth (weapon) {vamp}
   (You found it on level 3 of the Lair of Beasts)

   It occasionally heals its wielder for the full amount of damage dealt when it
   wounds a living foe.
Missiles
 o - 5 atropa-tipped darts
 r - 3 silver boomerangs
 z - 7 curare-tipped darts
 F - a throwing net
 V - 8 silver javelins (quivered)
Armour
 d - the +1 robe of Vines (worn) {NoPotionHeal Regen++++}
   (You found it on level 5 of the Lair of Beasts)

   Its wearer cannot be healed by potions.
   Regen:     It increases your rate of health regeneration.
 h - a scarf of shadows (worn)
 j - a +0 pair of boots (worn)
 A - the +3 pair of gauntlets of War (worn) {Slay+5}
   (You bought it in a shop on level 3 of the Elven Halls)

   Slay:      It affects your accuracy & damage with ranged weapons and melee
   (+5).
 I - the +3 warlock's mirror (worn) {reflect}
   (You found it on level 11 of the Dungeon)

   It can block and reflect piercing ranged attacks and magical attacks against
   the wielder's willpower.
 J - the +18 shield of the Gong {rElec rN+ Will+ EV-5}
   (You bought it in a shop on level 3 of the Elven Halls)

   It is deafeningly noisy when blocking attacks.
   EV:        It affects your evasion (-5).
   rElec:     It insulates you from electricity.
   rN:        It protects you from negative energy.
   Will:      It increases your willpower.
 M - a scarf of invisibility
Jewellery
 p - a ring of flight
 q - the ring "Deunkiz" {rF+ Will- rCorr Int+2 Dex+6}
   (You found it on level 3 of the Lair of Beasts)

   [ring of dexterity]

   Int:       It affects your intelligence (+2).
   Dex:       It affects your dexterity (+6).
   rF:        It protects you from fire.
   rCorr:     It protects you from acid and corrosion.
   Will:      It decreases your willpower.
 v - the macabre finger necklace (around neck) {rN+}
   (You bought it in a shop on level 3 of the Snake Pit)

   [amulet of nothing]

   It enables you to equip an extra ring.
   rN:        It protects you from negative energy.
 w - a +4 ring of protection (on amulet)
 L - a +4 ring of slaying (right hand)
 W - the ring "Imameur" (left hand) {rPois Will- rCorr AC+4 SInv}
   (You bought it in a shop on level 2 of the Elven Halls)

   [ring of protection]

   AC:        It affects your AC (+4).
   rPois:     It protects you from poison.
   SInv:      It lets you see invisible.
   rCorr:     It protects you from acid and corrosion.
   Will:      It decreases your willpower.
Wands
 g - a wand of digging (20)
 y - a wand of iceblast (12)
 E - a wand of paralysis (9)
 O - a wand of light (4)
 U - a wand of flame (36)
 Y - a wand of mindburst (12)
Scrolls
 b - 2 scrolls of torment
 c - 4 scrolls of fog
 e - 8 scrolls of teleportation
 l - 13 scrolls of immolation
 s - 5 scrolls of poison
 t - 5 scrolls of summoning
 B - 5 scrolls of blinking
 C - 9 scrolls of fear
 D - 9 scrolls of vulnerability
 R - a scroll of silence
 S - 9 scrolls of magic mapping
Potions
 f - 12 potions of haste
 i - 4 potions of invisibility
 m - 9 potions of attraction
 n - 10 potions of curing
 u - a potion of flight
 x - 8 potions of lignification
 H - 4 potions of resistance
 N - 3 potions of cancellation
 P - 5 potions of berserk rage
 X - 2 potions of might
 Z - a potion of ambrosia
Miscellaneous
 k - a piece from Xom's chessboard (15/15)
 G - a phantom mirror
 K - a condenser vane
 Q - a lightning rod (4/4)
 T - a box of beasts


   Skills:
 + Level 17.0 Fighting
 - Level 8.0 Short Blades
 - Level 1.7 Polearms
 + Level 12.5 Throwing
 + Level 12.5 Armour
 + Level 14.2 Dodging
 + Level 14.0 Stealth
 + Level 9.3 Shields
 + Level 10.0 Spellcasting
 + Level 2.4 Conjurations
 + Level 11.1 Hexes
 + Level 2.5 Summonings
 + Level 2.6 Translocations
 + Level 2.5 Transmutations
 + Level 2.3 Ice Magic
 + Level 17.0 Evocations


You had 7 spell levels left.
You knew the following spells:

 Your Spells              Type           Power      Damage    Failure   Level
a - Confusing Touch       Hex            29%        N/A       1%          3
b - Summon Guardian Gole  Hex/Summ       20%        N/A       2%          3
c - Apportation           Tloc           22%        N/A       5%          1
d - Fulminant Prism       Conj/Hex       10%        3d9       10%         4
e - Yara's Violent Unrav  Hex/Tmut       10%        3d6       26%         5
f - Tukima's Dance        Hex            29%        N/A       1%          3
g - Dazzling Flash        Conj/Hex       40%        N/A       3%          3
h - Ensorcelled Hibernat  Hex/Ice        40%        N/A       1%          2
i - Inner Flame           Hex/Fire       17%        N/A       4%          3
j - Summon Mana Viper     Hex/Summ       20%        N/A       26%         5

Your spell library contained the following spells:

 Spells                   Type           Power      Damage    Failure   Level
 Slow                     Hex            100%       N/A       1%          1
 Summon Small Mammal      Summ           44%        N/A       5%          1
 Foxfire                  Conj/Fire      32%        2x1d5     10%         1
 Shock                    Conj/Air       32%        1d5       10%         1
 Sting                    Tmut/Pois      32%        1d4       10%         1
 Necrotise                Necr           20%        1d5       16%         1
 Call Canine Familiar     Summ           11%        N/A       16%         3
 Anguish                  Hex/Necr       8%         N/A       16%         4
 Frozen Ramparts          Ice            20%        1d4       19%         3
 Ozocubu's Armour         Ice            10%        N/A       19%         3
 Poisonous Vapours        Pois/Air       10%        N/A       24%         2
 Scorch                   Fire           10%        2d6       24%         2
 Conjure Flame            Conj/Fire      8%         6-21      28%         3
 Spider Form              Tmut/Pois      8%         N/A       28%         3
 Ignite Poison            Fire/Tmut/Pois 7%         N/A       32%         3
 Silence                  Hex/Air        8%         N/A       41%         5
 Swiftness                Air            5%         N/A       43%         3
 Vampiric Draining        Necr           5%         2d6       43%         3
 Passage of Golubria      Tloc           11%        N/A       47%         4
 Ice Form                 Ice/Tmut       10%        N/A       50%         4
 Iskenderun's Mystic Bla  Conj/Tloc      11%        2d4       50%         4
 Summon Ice Beast         Ice/Summ       10%        N/A       50%         4
 Hailstorm                Conj/Ice       10%        3d5       52%         4
 Flame Wave               Conj/Fire      8%         2d5       67%         4
 Sticky Flame             Conj/Fire      8%         2d3       67%         4
 Enfeeble                 Hex            14%        N/A       80%         7
 Airstrike                Air            2%         0-2+      83%         4
 Olgreb's Toxic Radiance  Pois           5%         N/A       83%         4
 Summon Forest            Summ/Tloc      5%         N/A       83%         5
 Iskenderun's Battlesphe  Conj           10%        2d6       86%         5
 Freezing Cloud           Conj/Ice/Air   4%         6-21      92%         5
 Alistair's Intoxication  Tmut/Pois      5%         N/A       95%         5
 Agony                    Necr           5%         N/A       99%         5
 Borgnjor's Vile Clutch   Necr/Erth      2%         N/A       99%         5
 Lee's Rapid Deconstruct  Erth           2%         3d6*      99%         5
 Conjure Ball Lightning   Conj/Air       4%         3x3d6     100%        6
 Eringya's Noxious Bog    Tmut/Pois      4%         N/A       100%        6
 Iron Shot                Conj/Erth      4%         9d2       100%        6
 Summon Cactus Giant      Summ           5%         N/A       100%        6
 Ozocubu's Refrigeration  Ice            5%         4d6       100%        7
 Spellforged Servitor     Conj/Summ      5%         N/A       100%        7
 Discord                  Hex            14%        N/A       100%        8
 Disjunction              Tloc           5%         N/A       100%        8
 Polar Vortex             Ice            5%         N/A       100%        9
 Simulacrum               Ice/Necr       Unusable   N/A       N/A         6

Dungeon Overview and Level Annotations

Branches:
Dungeon (15/15)            Temple (1/1) D:5            Lair (6/6) D:9
  Swamp (4/4) Lair:2        Snake (4/4) Lair:3        Slime (3/5) Lair:5
    Orc (2/2) D:11            Elf (3/3) Orc:2        Vaults (0/5) D:13
 Depths (0/4) D:15         Bailey (visited)           IceCv (visited)

Altars:
Cheibriados
Gozag
Hepliaklqana
Trog
Vehumet
Xom
Jiyva

Shops:
D:1 :[(*:   D:9 (   Orc:2 =[*(   Elf:1 :==   Elf:2 =:   Elf:3 ***[?[
Snake:1 (   Snake:3 *!=[*   Snake:4 (

Annotations:
D:15 2 transporters
Snake:3 3 runed translucent doors, exclusion: obsidian statue, Lemondrips's ghost, adept DgHu


Innate Abilities, Weirdness & Mutations

You have a pair of large horns on your head.
You are completely covered in large bone plates. (SH +8)
You sometimes emit foul miasma when damaged in melee.
You regenerate health from kills.
You are robust. (+10% HP)
You are dopey. (Int -2)


Message History

The quicksilver ooze hits you.
The quicksilver ooze hits you but does no damage.
You're too confused to move!
You are splashed with acid.
* * * LOW HITPOINT WARNING * * *
x2 Your lungs strain for air!
The golden eye blinks at you. You resist with almost no effort.
The slime creature hits you but does no damage.
The slime creature barely misses you.
The quicksilver ooze closely misses you.
The quicksilver ooze barely misses you.
Your system rejects the healing.
You feel better.
You are splashed with acid.
* * * LOW HITPOINT WARNING * * *
x2 Your lungs strain for air!
You block the slime creature's attack. x2
The golden eye blinks at you.
You are confused.
The golden eye blinks at you.
You are more confused.
The quicksilver ooze completely misses you.
The quicksilver ooze misses you.
You are too confused!
Unknown command.
Your system rejects the healing.
You feel better.
You are splashed with acid.
* * * LOW HITPOINT WARNING * * *
x2 Your lungs strain for air!
The slime creature misses you. The slime creature hits you!
* * * LOW HITPOINT WARNING * * *
The golden eye is distracted by your dazzling golden aura.
The golden eye blinks at you. You resist with almost no effort.
You block the quicksilver ooze's attack. x2
The golden eye turns its gaze towards you.
You cannot read scrolls while unable to breathe!
You are confused.
Your system rejects the healing.
You feel invigorated.
You are splashed with acid.
* * * LOW HITPOINT WARNING * * *
You die...
Your body crumbles into a pile of gold.

.#........## ..
...#....$...# .#
#...........$##.##
###....$.$#.$....#
#......<.##$$..##
#............$.##
#.....G..>....J.#
.............JJ##
..........#.G@.#
..........#JG.....#
...................
...#.............
..............
..........###.
........##


You could see a large slime creature, 2 slime creatures, a quicksilver ooze
(poisoned, slow) and 2 golden eyes.

Vanquished Creatures
  the Lernaean hydra (Swamp:4)
  Vashnia (Snake:2)
  Jorgrun (Snake:3)
  Rupert (Lair:3)
  Asterion (Elf:1)
  3 deep elf blademasters
  2 deep elf master archers (Elf:3)
  3 acid blobs (Slime:1)
  3 thorn hunters
  Gastronok (Lair:2)
  6 nagarajas
  2 rockslimes
  4 deep elf sorcerers
  An orc warlord (Orc:2)
  Aizul (Snake:2)
  4 deep elf elementalists
  A quicksilver ooze (Slime:2)
  9 eleionomae
  Nessos (D:13)
  5 deep elf demonologists
  Azrael (D:13)
  5 deep elf annihilators
  6 bunyips
  2 blizzard demons (IceCv)
  A fire dragon (D:15)
  9 deep elf death magi
  A shambling mangrove (Swamp:3)
  3 deep elf high priests
  22 hydras
  A vault guard (D:13)
  6 salamander tyrants (Snake:4)
  A ghost crab (Swamp:3)
  A boulder beetle (shapeshifter) (D:9)
  A caustic shrike simulacrum (IceCv)
  An ice dragon (Lair:2)
  A spriggan zombie (D:15)
  5 centaur warriors
  5 boulder beetles
  An ogre mage (D:9)
  A catoblepas (D:14)
  10 naga warriors
  3 tengu warriors
  3 two-headed ogres
  A death knight (D:15)
  14 alligators
  8 anacondas
  9 death yaks
  6 shock serpents
  4 orc high priests
  A vampire mage (D:15)
  Urug (Lair:1)
  24 deep elf knights
  21 naga sharpshooters
  Amaemon (D:9)
  3 salamander mystics
  Sonja (Lair:6)
  11 skeletal warriors
  8 spriggan druids
  A golden dragon zombie (D:15)
  3 goliath frogs
  8 deep elf archers
  3 bog bodies
  11 swamp dragons
  2 sea snakes (Snake:2)
  15 wizards
  A glowing orange brain (Slime:3)
  3 spriggan simulacra (IceCv)
  8 naga ritualists
  2 necromancers
  An obsidian statue (IceCv)
  15 mana vipers
  21 deep elf zephyrmancers
  5 oklob plants
  10 salamanders
  4 orc knights
  2 cyclopes
  4 orc sorcerers
  3 will-o-the-wisps
  36 deep elf pyromancers
  2 shining eyes
  6 manticores
  A fire giant zombie (D:15)
  36 ugly things
  8 elephants
  11 guardian serpents
  A stone giant skeleton (D:15)
  2 ice statues
  An eye of devastation (Slime:1)
  A centaur zombie (D:14)
  A torpor snail (Lair:5)
  25 cane toads
  An orange demon (Lair:1)
  16 naga magi
  3 gargoyles
  34 black mambas
  2 unseen horrors (D:12)
  7 rime drakes
  A yaktaur (D:13)
  A komodo dragon (shapeshifter) (D:8)
  2 freezing wraiths
  Maggie (D:6)
  A kobold demonologist (Elf:1)
  A redback zombie (D:14)
  10 ice devils (IceCv)
  2 efreet
  11 komodo dragons
  A golden dragon simulacrum (IceCv)
  A tengu conjurer (D:15)
  5 entropy weaver simulacra (IceCv)
  2 polar bears
  8 trolls
  15 hornets
  Prince Ribbit (D:7)
  A queen bee (shapeshifter) (D:13)
  A wolf spider simulacrum (D:14)
  A bloated husk (Swamp:3)
  12 tyrant leeches
  7 dream sheep
  25 blink frogs
  27 slime creatures
  5 wyverns
  A dire elephant simulacrum (IceCv)
  21 spriggans
  A water elemental (Elf:2)
  3 air elementals
  The ghost of buhh the Ruffian, an amateur NaTm (D:3)
  6 wraiths
  49 yaks
  Grum (D:11)
  Eustachio (D:7)
  6 basilisks
  4 fire elementals
  8 golden eyes (Slime:3)
  5 minotaur simulacra (IceCv)
  12 vampire mosquitoes
  3 wargs
  Edmund (D:5)
  Menkaure (D:6)
  27 nagas
  3 steam dragons
  14 swamp worms
  4 harpy simulacra (IceCv)
  A hydra simulacrum (IceCv)
  3 hell hounds (D:13)
  3 acid dragons
  17 water moccasins
  Duvessa (D:6)
  7 swamp drakes
  41 orc warriors
  8 ice beasts
  2 sky beasts (D:8)
  3 alligator simulacra (IceCv)
  9 ogres
  2 black bears (D:9)
  A boggart (Elf:1)
  22 wolves
  16 centaurs
  5 kobold brigands
  A phantom (D:4)
  21 bullfrogs
  2 scorpions
  4 earth elementals
  4 gnoll sergeants
  6 wights
  7 deep troll simulacra (IceCv)
  Dowan (D:6)
  2 lindwurm simulacra (IceCv)
  A water moccasin skeleton (D:3)
  7 killer bees
  4 howler monkeys
  4 electric eels (Bailey)
  A bullfrog zombie (D:3)
  A hound (D:6)
  15 orc priests
  A bullfrog skeleton (D:3)
  A gnoll bouda (D:5)
  5 jellies
  An iguana (D:4)
  26 orc wizards
  Natasha (thrice) (D:2)
  24 gnolls
  9 adders
  A shadow imp (D:7)
  3 white imps
  3 worms
  2 dart slugs (D:2)
  67 orcs
  6 ball pythons
  4 bats
  6 endoplasms
  2 giant cockroaches
  14 hobgoblins
  A quokka (D:4)
  2 frilled lizards
  20 goblins
  22 kobolds
  3 rats
  6 briar patches
  3 plants (Lair:3)
1341 creatures vanquished.

Vanquished Creatures (others)
  25 dancing weapons
  Maurice (D:13)
  A guardian serpent (Snake:4)
  2 bloated husks (Swamp:2)
  A tyrant leech (Swamp:3)
  An air elemental (Elf:1)
  A swamp worm (Swamp:3)
  A swamp drake (Swamp:4)
  A jelly (D:8)
  An orc (D:9)
  A kobold (D:8)
  A briar patch (Swamp:2)
  5 demonic plants (D:2)
  12 foxfires (Swamp:1)
  82 fungi
  180 plants
  A withered plant (D:2)
317 creatures vanquished.

Grand Total: 1658 creatures vanquished

Notes
Turn   | Place    | Note
-------+----------+-------------------------------------------
     0 | D:5      | flotson the Demonspawn Delver began the quest for the Orb.
     0 | D:5      | Reached XP level 1. HP: 18/18 MP: 1/1
    12 | D:5      | Noticed Edmund
   100 | D:3      | Gained mutation: You may rarely emit foul miasma when
                  | damaged in melee. [demonic ancestry]
   100 | D:3      | Reached XP level 2. HP: 15/24 MP: 2/2
   349 | D:3      | Found a snail-covered altar of Cheibriados.
   351 | D:3      | Found a hazy altar of Hepliaklqana.
   558 | D:1      | Found Duifag's Antique Weapon Shoppe.
   560 | D:1      | Found Poest's Armour Emporium.
   781 | D:1      | Found Moho Ped's Assorted Antiques.
   953 | D:1      | Found Loleror's Book Shoppe.
  1026 | D:1      | Found Dygead's Book Emporium.
  1155 | D:1      | Reached skill level 1 in Evocations
  1155 | D:1      | Gained mutation: You have a pair of small horns on your
                  | head. [demonic ancestry]
  1155 | D:1      | Reached XP level 3. HP: 25/29 MP: 3/3
  1537 | D:2      | Reached skill level 1 in Armour
  1884 | D:5      | Noticed a phantom
  2300 | D:2      | Gained mutation: You regenerate a little health from kills.
                  | [demonic ancestry]
  2300 | D:2      | Reached XP level 4. HP: 35/35 MP: 4/4
  2358 | D:2      | Noticed Natasha
  2365 | D:2      | Killed Natasha
  2366 | D:2      | Reached skill level 1 in Short Blades
  2366 | D:2      | Reached skill level 1 in Throwing
  2660 | D:2      | Noticed Natasha
  2673 | D:2      | Killed Natasha
  2760 | D:2      | Found a faded altar of an unknown god.
  2826 | D:2      | Reached XP level 5. HP: 9/41 MP: 5/5
  3212 | D:2      | Noticed Natasha
  3216 | D:2      | Killed Natasha
  3802 | D:3      | Identified the +2 robe of Makhleb's Hatred {Dex+3}
  3823 | D:3      | Reached skill level 5 in Stealth
  4150 | D:3      | Found a runed translucent gate.
  4150 | D:3      | Found a runed translucent gate.
  4150 | D:3      | Found a runed translucent gate.
  4151 | D:3      | Noticed buhh's ghost (amateur NaTm)
  4374 | D:4      | Noticed Eustachio
  4468 | D:4      | Gained mutation: You regenerate health from kills. [demonic
                  | ancestry]
  4468 | D:4      | Reached XP level 6. HP: 48/48 MP: 6/6
  4624 | D:5      | Found a staircase to the Ecumenical Temple.
  4702 | Temple   | Entered the Ecumenical Temple
  4764 | Temple   | Became a worshipper of Gozag Ym Sagoz the Greedy
  5393 | D:5      | Killed Edmund
  5394 | D:5      | Gained mutation: You are partially covered in large bone
                  | plates. (SH +4) [demonic ancestry]
  5394 | D:5      | Reached XP level 7. HP: 50/54 MP: 7/7
  6009 | D:3      | Killed buhh's ghost
  6269 | D:6      | Noticed Menkaure
  6310 | D:6      | Gained mutation: You are mostly covered in large bone
                  | plates. (SH +6) [demonic ancestry]
  6310 | D:6      | Reached XP level 8. HP: 61/61 MP: 8/8
  6591 | D:6      | Noticed Dowan
  6592 | D:6      | Noticed Duvessa
  6601 | D:6      | Killed Duvessa
  6622 | D:6      | Killed Dowan
  6685 | D:6      | Noticed Maggie
  6703 | D:6      | Killed Maggie
  6704 | D:6      | Reached skill level 5 in Fighting
  6936 | D:6      | Killed Menkaure
  7194 | D:7      | Noticed Prince Ribbit
  7195 | D:7      | Found a flagged portal.
  7225 | Bailey   | Entered a bailey
  7307 | Bailey   | Reached XP level 9. HP: 68/68 MP: 9/9
  8306 | Bailey   | Noticed an orc knight
  8404 | Bailey   | Killed an orc knight
  8405 | Bailey   | Reached skill level 5 in Dodging
  8405 | Bailey   | Reached skill level 5 in Evocations
  8646 | Bailey   | Acquired a manual of Evocations
  8756 | Bailey   | Found an iron altar of Okawaru.
  8758 | Bailey   | Noticed an orc sorcerer
  8758 | Bailey   | Noticed an orc sorcerer
  8766 | Bailey   | Noticed an orange demon
  8810 | Bailey   | Noticed a hellwing
  8812 | Bailey   | Noticed a rust devil
  8812 | Bailey   | Killed an orc sorcerer
  8813 | Bailey   | Reached XP level 10. HP: 76/76 MP: 10/10
  8833 | Bailey   | Killed an orc sorcerer
  8874 | Bailey   | Reached skill level 5 in Armour
  9042 | Bailey   | Acquired 980 gold pieces
  9286 | Bailey   | Reached skill level 5 in Short Blades
  9366 | D:7      | Killed Prince Ribbit
  9373 | D:7      | Killed Eustachio
  9374 | D:7      | Reached skill level 5 in Throwing
 10371 | D:8      | Noticed a two-headed ogre
 10785 | D:8      | Noticed a deep elf pyromancer
 11002 | D:8      | Identified the ring "Exuher" {Will+ Int+4}
 11287 | D:1      | Bought the +12 pair of quick blades "Gyre" and "Gimble"
                  | {protect} for 2295 gold pieces
 11287 | D:1      | Found the +12 pair of quick blades "Gyre" and "Gimble"
                  | {protect}
 11542 | D:8      | Killed a deep elf pyromancer
 11598 | D:8      | Noticed a seven-headed hydra
 11606 | D:8      | Acquired 778 gold pieces
 11610 | D:8      | Killed a seven-headed hydra
 11611 | D:8      | Gained mutation: You are completely covered in large bone
                  | plates. (SH +8) [demonic ancestry]
 11611 | D:8      | Reached XP level 11. HP: 84/84 MP: 11/11
 12076 | D:9      | Found Sigid's Weapon Boutique.
 12262 | D:1      | Bought a bubbling cyan potion for 21 gold pieces
 12262 | D:1      | Bought 2 bubbling grey potions for 43 gold pieces
 12434 | D:9      | Reached skill level 10 in Evocations
 12434 | D:9      | Gained mutation: You sometimes emit foul miasma when
                  | damaged in melee. [demonic ancestry]
 12434 | D:9      | Reached XP level 12. HP: 94/94 MP: 12/12
 12609 | D:9      | Noticed a centaur warrior
 12609 | D:9      | Noticed a seven-headed hydra
 12955 | D:9      | Found a staircase to the Lair.
 13084 | D:9      | Noticed a boulder beetle
 13098 | D:9      | Killed a boulder beetle
 13419 | D:9      | Killed a centaur warrior
 13760 | D:1      | Bought a scarf of shadows for 168 gold pieces
 13986 | D:9      | Noticed a centaur warrior
 14005 | D:9      | Killed a centaur warrior
 14047 | D:9      | Killed a seven-headed hydra
 14421 | D:9      | Reached XP level 13. HP: 103/103 MP: 13/13
 14514 | D:9      | Reached skill level 10 in Fighting
 14700 | D:10     | Entered Level 10 of the Dungeon
 15429 | Lair:1   | Entered Level 1 of the Lair of Beasts
 15429 | Lair:1   | Noticed Amaemon
 15443 | D:9      | Killed Amaemon
 15570 | Lair:1   | Noticed Urug
 15585 | Lair:1   | Killed Urug
 15593 | Lair:1   | Learned a level 3 spell: Confusing Touch
 16054 | Lair:1   | Reached skill level 1 in Hexes
 16111 | Lair:1   | Reached skill level 1 in Spellcasting
 16480 | Lair:2   | Noticed Gastronok
 16493 | Lair:2   | Killed Gastronok
 16807 | Lair:2   | Acquired the +10 crystal plate armour of the Unbroken
                  | {rPois rF- Int+6 Dex+2}
 17097 | Lair:2   | Found a staircase to the Swamp.
 17937 | Lair:3   | Reached XP level 14. HP: 111/111 MP: 17/17
 17946 | Lair:3   | Found a staircase to the Snake Pit.
 17988 | Lair:3   | Noticed Rupert
 18016 | Lair:3   | Killed Rupert
 19248 | Lair:3   | Identified the +5 shortbow of the Vanishing Violins
                  | {freeze, rF+ rN+ Dex-3}
 19349 | Lair:3   | Found the +8 Vampire's Tooth {vamp}
 19362 | Lair:3   | Identified the ring "Deunkiz" {rF+ Will- rCorr Int+2 Dex+6}
 19389 | Lair:4   | Identified the +0 ring mail of the Armoured One {Str+2}
 20987 | Lair:5   | Reached skill level 10 in Stealth
 21237 | Lair:5   | Found the +3 crown of Dyrovepreva {rElec Int+2 SInv}
 21466 | Lair:5   | Found the +1 robe of Vines {NoPotionHeal Regen++++}
 21532 | Lair:5   | Identified the +1 plate armour "Iseqee" {*Slow rPois Will+
                  | Str+5}
 21809 | Lair:6   | Entered Level 6 of the Lair of Beasts
 22051 | Lair:5   | Found a runed translucent door.
 22051 | Lair:5   | Found a viscous altar of Jiyva.
 22075 | Lair:5   | Found a staircase to the Slime Pits.
 22120 | Lair:5   | Reached skill level 5 in Hexes
 22343 | Lair:6   | Reached XP level 15. HP: 119/119 MP: 21/21
 22642 | Lair:6   | Noticed Sonja
 22646 | Lair:6   | Killed Sonja
 23292 | D:11     | Learned a level 3 spell: Summon Guardian Golem
 23301 | D:11     | You fall into a shaft and drop 3 floors!
 23495 | D:13     | Noticed Nessos
 23501 | D:13     | Noticed Azrael
 23632 | D:13     | Noticed Maurice
 23716 | D:12     | Reached skill level 5 in Spellcasting
 23896 | D:11     | Noticed Grum
 23912 | D:11     | Killed Grum
 24007 | D:11     | Identified the +3 spear of Bodily Harmony {vorpal, rPois
                  | Will- Str+4 Dex+4}
 24031 | D:11     | Found the +3 warlock's mirror {reflect}
 24095 | D:11     | Found a staircase to the Orcish Mines.
 24482 | D:11     | Identified the +9 quarterstaff of Hukilodu {speed, rElec
                  | rCorr}
 25223 | D:12     | Found a hazy altar of Hepliaklqana.
 25520 | D:13     | Killed Maurice
 25768 | D:13     | Killed Azrael
 25769 | D:13     | Reached skill level 1 in Shields
 25775 | D:13     | Killed Nessos
 26232 | D:13     | Acquired a manual of Fighting
 26289 | D:13     | Found a gate to the Vaults.
 26630 | D:14     | Reached skill level 10 in Dodging
 26721 | D:14     | Gained mutation: You have a pair of horns on your head.
                  | [demonic ancestry]
 26721 | D:14     | Reached XP level 16. HP: 127/127 MP: 24/24
 27069 | D:14     | Reached skill level 15 in Evocations
 27504 | D:15     | Entered Level 15 of the Dungeon
 27597 | D:15     | Reached skill level 10 in Armour
 27597 | D:15     | Found a staircase to the Depths.
 27763 | D:15     | Found a transporter.
 28050 | D:15     | Reached skill level 10 in Throwing
 28251 | D:15     | Found a transporter.
 29138 | D:15     | Found a transporter.
 29140 | D:15     | Found a transporter.
 29231 | Orc:1    | Entered Level 1 of the Orcish Mines
 29385 | Orc:2    | Entered Level 2 of the Orcish Mines
 29385 | Orc:2    | Found a staircase to the Elven Halls.
 29608 | Orc:2    | Found Raickua's Antique Armour Emporium.
 29765 | Orc:2    | Found Ameun's Jewellery Emporium.
 29815 | Orc:2    | Bought an amulet of regeneration for 360 gold pieces
 29954 | Orc:2    | Found Ozxyskay's General Store.
 29969 | Orc:2    | Found Wozeasoa's Antique Weapon Emporium.
 30656 | Elf:1    | Entered Level 1 of the Elven Halls
 30703 | Elf:1    | Found a radiant altar of Vehumet.
 30997 | Elf:1    | Gained mutation: You are robust. (+10% HP) [demonic
                  | ancestry]
 30997 | Elf:1    | Reached XP level 17. HP: 131/150 MP: 27/27
 31083 | Elf:1    | Noticed Asterion
 31108 | Elf:1    | Killed Asterion
 31194 | Elf:1    | Learned a level 1 spell: Apportation
 31199 | Elf:1    | Learned a level 4 spell: Fulminant Prism
 31205 | Elf:1    | Learned a level 5 spell: Yara's Violent Unravelling
 31230 | Elf:1    | Paralysed by an air elemental for 1 turns
 31781 | Elf:1    | Found Tyhen's Jewellery Emporium.
 31782 | Elf:1    | Found Fyfril's Book Shop.
 31783 | Elf:1    | Found Reteimih's Jewellery Emporium.
 31793 | Elf:1    | Bought an amulet of guardian spirit for 360 gold pieces
 31830 | Elf:2    | Found Maegran's Jewellery Shoppe.
 32158 | Elf:2    | Acquired a manual of Dodging
 32244 | Elf:2    | Found Sepreut's Book Emporium.
 32259 | Elf:2    | Paralysed by an air elemental for 1 turns
 32529 | Elf:2    | Reached skill level 5 in Shields
 32550 | Elf:2    | Found a runed translucent gate.
 32563 | Elf:2    | Found a runed translucent gate.
 32564 | Elf:2    | Found a runed translucent gate.
 32933 | Elf:2    | Noticed a deep elf blademaster
 32960 | Elf:2    | Killed a deep elf blademaster
 33516 | Elf:3    | Entered Level 3 of the Elven Halls
 33857 | Elf:3    | Found a shimmering altar of Xom.
 34121 | Elf:3    | Learned a level 3 spell: Tukima's Dance
 34125 | Elf:3    | Learned a level 3 spell: Dazzling Flash
 34661 | Elf:3    | Identified the +4 lajatang of the Onslaught {flame, rElec
                  | Str+4 Dex+3}
 34673 | Elf:3    | Gained mutation: You have a pair of large horns on your
                  | head. [demonic ancestry]
 34673 | Elf:3    | Reached XP level 18. HP: 142/143 MP: 24/29
 35286 | Elf:3    | Identified the +7 flail of the Insatiable Mouths {protect,
                  | *Corrode Fly rElec Dex+8}
 35349 | Elf:3    | Reached skill level 15 in Fighting
 35445 | Elf:3    | Acquired a manual of Fighting
 35447 | Elf:3    | Acquired a manual of Dodging
 35525 | Elf:3    | Acquired 1060 gold pieces
 35554 | Elf:3    | Identified the +1 spear "Boschuj" {speed, *Rage Fly rF+++
                  | rC-}
 35577 | Elf:3    | Learned a level 2 spell: Ensorcelled Hibernation
 35765 | Elf:3    | Bought a scroll of magic mapping for 127 gold pieces
 35765 | Elf:3    | Bought 5 atropa-tipped darts for 51 gold pieces
 35765 | Elf:3    | Bought a scroll of enchant weapon for 127 gold pieces
 35775 | Elf:3    | Bought the +3 pair of gauntlets of War {Slay+5} for 760
                  | gold pieces
 35775 | Elf:3    | Found the +3 pair of gauntlets of War {Slay+5}
 35775 | Elf:3    | Bought the +18 shield of the Gong {rElec rN+ Will+ EV-5}
                  | for 1556 gold pieces
 35775 | Elf:3    | Found the +18 shield of the Gong {rElec rN+ Will+ EV-5}
 35788 | Elf:3    | Bought a scroll of identify for 28 gold pieces
 35788 | Elf:3    | Bought a scroll of magic mapping for 105 gold pieces
 35788 | Elf:3    | Bought a scroll of teleportation for 42 gold pieces
 35788 | Elf:3    | Bought a scroll of silence for 133 gold pieces
 35792 | Elf:3    | Bought a scroll of teleportation for 57 gold pieces
 35883 | Elf:2    | Bought the ring "Imameur" {rPois Will- rCorr AC+4 SInv} for
                  | 633 gold pieces
 36092 | Snake:1  | Entered Level 1 of the Snake Pit
 36136 | Snake:1  | Identified the +1 leather armour of Tooq {rElec rPois}
 36182 | Snake:1  | Found Cacuuke's Antique Weapon Shop.
 37226 | Snake:2  | Noticed Aizul
 37247 | Snake:2  | Killed Aizul
 37392 | Snake:2  | Identified the +4 falchion of the Goat {drain, rF+ rC-
                  | Str+8 Int+2}
 37414 | Snake:2  | Noticed Vashnia
 37474 | Snake:2  | Killed Vashnia
 37821 | Snake:2  | Identified the +5 tower shield "Topheexilo" {Dex+4}
 38758 | Snake:3  | Found a runed translucent gate.
 38758 | Snake:3  | Found a runed translucent gate.
 38758 | Snake:3  | Found a runed translucent gate.
 38761 | Snake:3  | Found an opulent altar of Gozag.
 38761 | Snake:3  | Found Bom Rire's Assorted Antiques.
 38765 | Snake:3  | Noticed Lemondrips's ghost (adept DgHu)
 38778 | Snake:3  | Identified the +9 arbalest "Qotomiw" {penet, Will+ Stlth+}
 38872 | Snake:3  | Found Buecwun's Jewellery Boutique.
 38875 | Snake:3  | Found Ysuelobu's Distillery.
 38876 | Snake:3  | Noticed Jorgrun
 38891 | Snake:3  | Killed Jorgrun
 38893 | Snake:3  | Bought the macabre finger necklace {rN+} for 680 gold
                  | pieces
 38893 | Snake:3  | Found the macabre finger necklace {rN+}
 38913 | Snake:3  | Bought 2 potions of haste for 240 gold pieces
 38913 | Snake:3  | Bought a potion of curing for 36 gold pieces
 38913 | Snake:3  | Bought a potion of curing for 36 gold pieces
 38913 | Snake:3  | Bought a potion of mutation for 96 gold pieces
 39039 | Snake:3  | Reached XP level 19. HP: 172/172 MP: 31/31
 39147 | Snake:3  | Found Toiqagg's Overcharged Wands.
 39302 | Snake:3  | Found Teoky's Armour Shop.
 39308 | Snake:3  | Bought a scarf of invisibility for 216 gold pieces
 39394 | Snake:3  | Identified the +3 falchion of Defiance {protect, Int-2
                  | Dex+4 Stlth+}
 39616 | Snake:4  | Entered Level 4 of the Snake Pit
 39724 | Snake:4  | Found Gaorph's Antique Weapon Emporium.
 39807 | Snake:4  | Reached skill level 10 in Hexes
 39988 | Snake:4  | Found a frozen archway.
 39996 | IceCv    | Entered an ice cave
 40601 | IceCv    | Identified the +0 broad axe of Neociy {flame, Str+3 Dex+4
                  | Stlth-}
 41413 | Snake:4  | Got a serpentine rune of Zot
 41853 | Snake:4  | Upgraded the game from 0.29-a0-834-g1e95ca9f62 to
                  | 0.29-a0-838-g385bb11a5b
 42051 | Swamp:1  | Entered Level 1 of the Swamp
 42322 | Swamp:1  | Upgraded the game from 0.29-a0-838-g385bb11a5b to
                  | 0.29-a0-845-g6161e89988
 42898 | Swamp:2  | Reached skill level 1 in Summonings
 43138 | Swamp:2  | Found a transporter.
 43157 | Swamp:2  | Found a transporter.
 43176 | Swamp:2  | Found a shimmering altar of Xom.
 43341 | Swamp:2  | Identified the +0 pair of gloves "Luad" {rC++}
 43343 | Swamp:2  | Identified the ring "Ethraskyrch" {Wiz rElec rC++ Will-}
 43469 | Swamp:3  | Reached skill level 1 in Translocations
 43469 | Swamp:3  | Reached XP level 20. HP: 160/182 MP: 33/33
 43498 | Swamp:3  | Reached skill level 1 in Conjurations
 43498 | Swamp:3  | Reached skill level 1 in Transmutations
 43498 | Swamp:3  | Reached skill level 1 in Ice Magic
 44241 | Swamp:4  | Entered Level 4 of the Swamp
 44422 | Swamp:4  | Learned a level 3 spell: Inner Flame
 44428 | Swamp:4  | Learned a level 5 spell: Summon Mana Viper
 44469 | Swamp:4  | Noticed the 27-headed Lernaean hydra
 44481 | Swamp:4  | Killed the 27-headed Lernaean hydra
 44712 | Swamp:4  | Got a decaying rune of Zot
 45116 | Slime:1  | Entered Level 1 of the Pits of Slime
 45146 | Slime:1  | Gained mutation: You are dopey. (Int -2) [a shining eye]
 45582 | Slime:2  | Reached skill level 10 in Spellcasting
 45917 | Slime:3  | HP: 5/184 [slime creature (12)]
 45918 | Slime:3  | HP: 1/184 [acid (4)]
 45918 | Slime:3  | Drowned by a quicksilver ooze

Illustrated notes

Levels and vault maps discovered:
D:1:      shiori_shiawase, layout_basic, serial_shops, shop, shop,
          nicolae_shop_statue_plus, shop, shop, kennysheep_boxes
D:2:      layout_basic, shapermc_ecumenical_altar_gd, uniq_natasha
D:3:      layout_basic, chequers_temple_overflow_statue_of_worship,
          gammafunk_ghost_necromancy, columned_hall_lemuel,
          dreamdust_princess_bridge, minmay_misc_feat_square,
          serial_bayou_pond_c
D:4:      layout_loops_ring, minmay_checkerbox, uniq_eustachio
D:5:      layout_loops_ring, minmay_temple_entry_trees,
          nicolae_concentric_dashed_squares_mild, minivault_23, uniq_edmund
D:6:      layout_basic, uniq_menkaure, uniq_maggie, uniq_duvessa
D:7:      layout_gridville, enter_bailey_5, uniq_prince_ribbit1
D:8:      cheibrodos_ideogram_h, layout_rooms
D:9:      layout_rooms, due_lair_maze_entry_diamond, serial_shops,
          nicolae_shop_bloodbath_and_beyond, nicolae_rejected_hall
D:10:     layout_basic
D:11:     minmay_smoke_and_mirrors, layout_cave_pools, orc_0_dummy, uniq_grum
D:12:     layout_roguey, worldfamousw_hep_ancestral_shrine
D:13:     layout_cave_pods, david_vaults_5, uniq_nessos, uniq_azrael,
          uniq_maurice
D:14:     layout_cave_pools, minmay_misc_feat_x
D:15:     gammafunk_depths_entry_grave, layout_layer_cave,
          minmay_misc_feat_enclosed, nicolae_diode_intersection
Temple:   mainiacjoe_temple_cubbyholes
Lair:1:   layout_roguey, uniq_urug, uniq_amaemon
Lair:2:   layout_loops_ring, minmay_swamp_entry_worms, uniq_gastronok
Lair:3:   minmay_lair_oklob_tunnel, layout_concentric_octagons,
          guppyfry_snake_entry_garden, ice2_lemuel, lemuel_fruit_fields,
          lemuel_fruit_tree, uniq_rupert
Lair:4:   layout_cave_pods, grunt_megastairs_3
Lair:5:   nzn_winding_woodlands_large [nzn_winding_woodlands_5x5_three,
          nzn_winding_woodlands_5x15_twine,
          nzn_winding_woodlands_5x5_checkerboard,
          nzn_winding_woodlands_center_garden,
          nzn_winding_woodlands_15x15_five_gardens,
          nzn_winding_woodlands_center_diamonds,
          nzn_winding_woodlands_5x5_default, nzn_winding_woodlands_5x15_default,
          nzn_winding_woodlands_5x5_default], layout_cave_pods, slime_entry_2
Lair:6:   minmay_lair_end_frog_pond, layout_long_grid, uniq_sonja
Swamp:1:  layout_basic_swamp, evilmike_swamp_ruin_house_4
Swamp:2:  gammafunk_worm_tunnel, layout_basic_swamp, basic_altar, swamp_pool2
Swamp:3:  nicolae_swamp_wrong_neighborhood, layout_basic_swamp,
          nicolae_swamp_tree_designs
Swamp:4:  swamp_alternative, layout_basic_swamp, swamp_pool5
Snake:1:  layout_rooms, serial_shops, nicolae_square_shop,
          nicolae_snake_gridmaze_spiral
Snake:2:  layout_basic, serial_bayou_shore_a, nicolae_integral_box,
          uniq_vashnia, uniq_aizul
Snake:3:  layout_cave_pods, serial_shops, shop, ebering_ghost_gozag,
          nicolae_shop_overcharged_wands, minmay_shop_star, uniq_jorgrun
Snake:4:  snake_hunt, layout_onion_interference, serial_shops,
          nicolae_shop_statue_plus, portal_ice_cave_entry_ice_statue_one,
          grunt_megastairs_2
Slime:1:  layout_caves
Slime:2:  layout_caves
Slime:3:  nicolae_slime_jelly_donut, layout_caves, basic_altar
Orc:1:    layout_diamond_mine, basic_altar
Orc:2:    grunt_orc_cross, layout_diamond_mine
Elf:1:    eino_elf_arrival_altar, layout_loops_cross, hangedman_elf_disciples,
          minmay_shop_grove, uniq_asterion
Elf:2:    nicolae_elf_blades_crystal_corner, layout_gridlike, serial_shops,
          shop, nicolae_elf_glassroom_feature
Elf:3:    elf_hall_gauntlet_narrow, layout_loops_corners, serial_glass,
          glass_columns_b, glass_columns_c, basic_altar,
          amcnicky_mini_rare_corridor_liquid, drop_trap

Skill      XL: |  1  2  3  4  5  6  7  8  9 10 11 12 13 14 15 16 17 18 19 20 |
---------------+-------------------------------------------------------------+-----
Dodging        | 2 3 4 5 6 7 8 9 10 11 12 13 14 | 14.2
Evocations     | 1 2 3 4 5 7 10 12 13 14 15 16 17 | 17.0
Armour         | 1 2 3 4 5 7 8 9 10 11 12 | 12.5
Short Blades   | 1 2 3 4 5 7 8 |  8.0
Throwing       | 1 2 3 4 5 7 8 9 10 11 12 | 12.5
Stealth        | 5 6 7 8 9 10 11 12 13 14 | 14.0
Fighting       | 4 5 6 7 8 9 10 11 12 13 14 15 16 17 | 17.0
Hexes          | 3 5 6 7 8 9 10 11 | 11.1
Spellcasting   | 2 4 5 6 7 8 9 10 | 10.0
Shields        | 2 4 5 6 8 9 |  9.3
Summonings     | 1 2 |  2.5
Translocations | 1 2 |  2.6
Conjurations   | 2 |  2.4
Transmutations | 2 |  2.5
Ice Magic      | 2 |  2.3
Polearms       | |  1.7

Action                   |  1- 3 |  4- 6 |  7- 9 | 10-12 | 13-15 | 16-18 | 19-21 || total
-------------------------+-------+-------+-------+-------+-------+-------+-------++-------
Melee: Spear             |     6 |       |       |       |       |       |       ||     6
       Dagger            |    77 |   206 |   357 |   207 |       |       |       ||   847
       Headbutt          |     8 |    38 |    83 |   124 |   479 |   749 |   636 ||  2117
       Punch             |       |     3 |     6 |     5 |       |       |       ||    14
       Trident           |       |       |       |    36 |       |       |       ||    36
       Pair of quick bla |       |       |       |   272 |  1075 |       |       ||  1347
       Quick blade       |       |       |       |       |   500 |  2567 |  1809 ||  4876
Throw: Dart              |       |     3 |     9 |     5 |     4 |       |       ||    21
       Boomerang         |       |       |       |       |     1 |       |       ||     1
       Javelin           |       |       |       |       |       |     3 |       ||     3
 Cast: Dazzling Flash    |       |       |       |       |       |     2 |       ||     2
       Confusing Touch   |       |       |       |       |       |     1 |       ||     1
Invok: Call Merchant     |       |       |       |       |       |     6 |       ||     6
Evoke: Wand              |       |       |     4 |     1 |     3 |       |       ||     8
  Use: Scroll            |     1 |       |     2 |    14 |    13 |    10 |     1 ||    41
       Potion            |       |       |       |     1 |     2 |     1 |     4 ||     8
 Stab: Sleeping          |       |     4 |     4 |     2 |    24 |    26 |     3 ||    63
       Invisible         |       |     1 |     3 |       |       |       |       ||     4
       Distracted        |       |       |     1 |     5 |    14 |    22 |    21 ||    63
       Paralysed         |       |       |     3 |     2 |       |       |       ||     5
       Confused          |       |       |       |       |       |     2 |     1 ||     3
Armor: Leather armour    |     2 |       |       |       |       |       |       ||     2
       Scale mail        |    33 |    57 |     1 |       |       |       |       ||    91
       Robe              |       |       |    15 |       |    78 |   153 |   201 ||   447
       Swamp dragon scal |       |       |    30 |   131 |    25 |       |       ||   186
       Crystal plate arm |       |       |       |       |   147 |       |       ||   147
Dodge: Dodged            |    32 |   121 |   150 |   306 |   278 |   306 |   231 ||  1424
Block: Other             |       |       |    62 |   134 |   157 |       |       ||   353
       Buckler           |       |       |       |       |   184 |   648 |    20 ||   852
       Reflection        |       |       |       |       |    18 |    93 |       ||   111
       Kite shield       |       |       |       |       |       |   327 |  1488 ||  1815

Table legend: (Time is in decaauts)
 A = Elapsed time spent in this place.
 B = Non-inter-level travel time spent in this place.
 C = Inter-level travel time spent in this place.
 D = Time resting spent in this place.
 E = Time spent auto-exploring this place.
 F = Levels seen in this place.
 G = Mean time per level.
                   A        B        C        D        E       F      G
               +--------+--------+--------+--------+--------+-----+--------+
         Total |  42326 |  37854 |   4472 |   2585 |  26447 |  40 | 1058.2 |
       Dungeon |  18313 |  15662 |   2651 |   1096 |  11019 |  15 | 1220.9 |
        Temple |    119 |     74 |     45 |      0 |     57 |   1 |  119.0 |
          Lair |   7380 |   6615 |    765 |    273 |   5136 |   6 | 1230.0 |
         Swamp |   2759 |   2564 |    195 |      0 |   1846 |   4 |  689.8 |
     Snake Pit |   4522 |   4059 |    463 |      0 |   3106 |   4 | 1130.5 |
    Slime Pits |    658 |    645 |     13 |      0 |    427 |   3 |  219.3 |
  Orcish Mines |   1284 |   1160 |    124 |      8 |    939 |   2 |  642.0 |
   Elven Halls |   4547 |   4334 |    213 |    272 |   2861 |   3 | 1515.7 |
        Bailey |   2091 |   2091 |      0 |    918 |    649 |   1 | 2091.0 |
      Ice Cave |    648 |    648 |      0 |     16 |    404 |   1 |  648.0 |
               +--------+--------+--------+--------+--------+-----+--------+

Top non-repeatable levels by time:
     D:2: 2196 daAuts
  Bailey: 2091 daAuts
   Elf:3: 2079 daAuts
     D:7: 1752 daAuts
  Lair:3: 1704 daAuts
     D:3: 1515 daAuts
   Elf:2: 1497 daAuts
     D:8: 1494 daAuts
    D:15: 1428 daAuts
 Snake:2: 1379 daAuts
  Lair:5: 1349 daAuts
  Lair:2: 1340 daAuts
     D:9: 1260 daAuts
     D:1: 1174 daAuts
    D:13: 1139 daAuts
